PAAA
SYRACUSE STARKS @ BLOOMINGTON LONGNECKS
07/18/2041
 
TOP OF THE 1ST
Syracuse Starks batting - Pitching for Bloomington Longnecks : LHP Domingo Montémayor
Pitching: LHP Domingo Montémayor
Batting: RHB Nelson Rivera 0-0: Ball
1-0: Ball
2-0: DOUBLE (Line Drive, 9LM, EV 105.0 MPH)
Batting: RHB Akke Derksen 0-0: Called Strike
0-1: Swinging Strike
0-2: Strikes out swinging
Batting: RHB Graeme Dormer 0-0: Called Strike
0-1: Ball
1-1: Ball
2-1: Ball
3-1: SINGLE (Groundball, 56D, EV 102.5 MPH)
Nelson Rivera to third
Batting: RHB Mikko Haataja 0-0: Ball
1-0: Fly out, F9 (Flyball, 9S, EV 77.5 MPH)
Batting: LHB Mare Riseley 0-0: Ball
1-0: Ground out 6-3 (Groundball, 6S, EV 82.5 MPH)
Top of the 1st over - 0 runs, 2 hits, 0 errors, 2 left on base; Syracuse 0 - Bloomington 0
BOTTOM OF THE 1ST
Bloomington Longnecks batting - Pitching for Syracuse Starks : LHP Ollie McDaniell
Pitching: LHP Ollie McDaniell
Batting: RHB David Milliken 0-0: Ball
1-0: Foul Ball, location: 2F
1-1: Foul Ball, location: 2F
1-2: Ball
2-2: Reached on error, E6 (Groundball, 6, EV 86.9 MPH)
Batting: RHB Cody Scott 0-0: Called Strike
0-1: Foul Ball, location: 2F
0-2: Ball
1-2: Ball
2-2: Ball
3-2: SINGLE (Groundball, 34D, EV 96.9 MPH)
David Milliken to third
Batting: RHB Brock Waxley 0-0: Ball
1-0: SINGLE (Line Drive, 6MD, EV 96.9 MPH)
David Milliken scores
Cody Scott to second
Batting: LHB John Schaefer 0-0: Ball
1-0: Called Strike
1-1: 3-RUN HOME RUN (Line Drive, 89XD, EV 101.9 MPH), Distance : 395 ft
Batting: RHB Dao-zi Zhan 0-0: Called Strike
0-1: Fly out, F8 (Flyball, 78D, EV 102.5 MPH)
Batting: SHB Yosuke Daisen 0-0: Ball
1-0: Ground out 6-3 (Groundball, 6S, EV 83.8 MPH)
Batting: RHB Olo Iukekini 0-0: Foul Ball, location: 2F
0-1: Foul Ball, location: 2F
0-2: Fly out, F9 (Flyball, 9, EV 93.1 MPH)
Bottom of the 1st over - 4 runs, 3 hits, 1 error, 0 left on base; Syracuse 0 - Bloomington 4
TOP OF THE 2ND
Syracuse Starks batting - Pitching for Bloomington Longnecks : LHP Domingo Montémayor
Batting: RHB Atanza Vongor 0-0: Called Strike
0-1: Foul Ball, location: 2F
0-2: Ground out 2-3 (Groundball, 13S, EV 73.8 MPH)
Batting: RHB Damon Newbold 0-0: Called Strike
0-1: DOUBLE (Groundball, 5L, EV 102.5 MPH)
Batting: LHB Bill Gracián 0-0: Ball
1-0: Ground out 4-3 (Groundball, 4, EV 81.2 MPH)
Damon Newbold to third
Batting: RHB Pablo Álvarez 0-0: SINGLE (Flyball, 9S, EV 90.6 MPH)
Damon Newbold scores
Batting: RHB Nelson Rivera 0-0: Ball
1-0: Called Strike
1-1: Ball
2-1: Called Strike
2-2: DOUBLE (Flyball, 89D, EV 93.8 MPH)
Pablo Álvarez to third
Runner from 3rd tries for Home, SAFE, no throw by RF
Batting: RHB Akke Derksen 0-0: Ball
1-0: Foul Ball, location: 2F
1-1: Swinging Strike
1-2: Fly out, F9 (Flyball, 89D, EV 98.1 MPH)
Top of the 2nd over - 2 runs, 3 hits, 0 errors, 1 left on base; Syracuse 2 - Bloomington 4
BOTTOM OF THE 2ND
Bloomington Longnecks batting - Pitching for Syracuse Starks : LHP Ollie McDaniell
Batting: LHB Sean Cox 0-0: Ball
1-0: Called Strike
1-1: SINGLE (Flyball, 9LM, EV 100.6 MPH)
Batting: LHB Wayne Noble 0-0: Ball
1-0: Called Strike
1-1: Swinging Strike
1-2: Strikes out swinging
Batting: RHB David Milliken 0-0: Fielders Choice at 2nd, 5-4 (Groundball, 56, EV 89.4 MPH)
Batting: RHB Cody Scott 0-0: Foul Ball, location: 2F
0-1: Ball
1-1: Foul Ball, location: 2F
1-2: Foul Ball, location: 2F
1-2: Ball
2-2: Foul Ball, location: 2F
2-2: SINGLE (Line Drive, 34, EV 98.1 MPH)
David Milliken to second
David Milliken to third
Batting: RHB Brock Waxley 0-0: Ball
1-0: Called Strike
1-1: Foul Ball, location: 2F
1-2: SINGLE (Line Drive, 9LM, EV 103.8 MPH)
David Milliken scores
Cody Scott to second
Batting: LHB John Schaefer 0-0: Called Strike
0-1: Ball
1-1: Ball
2-1: Ball
3-1: Foul Ball, location: 2F
3-2: Foul Ball, location: 2F
3-2: 3-RUN HOME RUN (Flyball, 89XD, EV 91.9 MPH), Distance : 462 ft
Pitching: RHP Austin Bizzle
Batting: RHB Dao-zi Zhan 0-0: Ground out 5-3 (Groundball, 56, EV 100.0 MPH)
Bottom of the 2nd over - 4 runs, 4 hits, 0 errors, 0 left on base; Syracuse 2 - Bloomington 8
TOP OF THE 3RD
Syracuse Starks batting - Pitching for Bloomington Longnecks : LHP Domingo Montémayor
Batting: RHB Graeme Dormer 0-0: Called Strike
0-1: Swinging Strike
0-2: Strikes out swinging
Batting: RHB Mikko Haataja 0-0: Ball
1-0: Foul Ball, location: 2F
1-1: Swinging Strike
1-2: Fly out, F3 (Popup, 23F, EV 80.6 MPH)
Batting: LHB Mare Riseley 0-0: Ground out 1-3 (Groundball, 34S, EV 85.6 MPH)
Top of the 3rd over - 0 runs, 0 hits, 0 errors, 0 left on base; Syracuse 2 - Bloomington 8
BOTTOM OF THE 3RD
Bloomington Longnecks batting - Pitching for Syracuse Starks : RHP Austin Bizzle
Batting: SHB Yosuke Daisen 0-0: Called Strike
0-1: Ball
1-1: Foul Ball, location: 2F
1-2: Strikes out swinging
Batting: RHB Olo Iukekini 0-0: Swinging Strike
0-1: Ball
1-1: Ball
2-1: Foul Ball, location: 2F
2-2: Ball
3-2: Strikes out swinging
Batting: LHB Sean Cox 0-0: Ball
1-0: Called Strike
1-1: Ball
2-1: Ball
3-1: Called Strike
3-2: Base on Balls
Batting: LHB Wayne Noble 0-0: Ball
1-0: Foul Ball, location: 2F
1-1: Ground out 1-3 (Groundball, 13, EV 87.5 MPH)
Bottom of the 3rd over - 0 runs, 0 hits, 0 errors, 1 left on base; Syracuse 2 - Bloomington 8
TOP OF THE 4TH
Syracuse Starks batting - Pitching for Bloomington Longnecks : LHP Domingo Montémayor
Batting: RHB Atanza Vongor 0-0: Ball
1-0: Ground out 4-3 (Groundball, 4, EV 103.8 MPH)
Batting: RHB Damon Newbold 0-0: Ball
1-0: Ground out 6-3 (Groundball, 6M, EV 110.0 MPH)
Batting: LHB Bill Gracián 0-0: Ground out 5-3 (Groundball, 56S, EV 89.4 MPH)
Top of the 4th over - 0 runs, 0 hits, 0 errors, 0 left on base; Syracuse 2 - Bloomington 8
BOTTOM OF THE 4TH
Bloomington Longnecks batting - Pitching for Syracuse Starks : RHP Austin Bizzle
Batting: RHB David Milliken 0-0: Ball
1-0: Foul Ball, location: 2F
1-1: Ground out 5-3 (Groundball, 5, EV 87.5 MPH)
Batting: RHB Cody Scott 0-0: Called Strike
0-1: Ball
1-1: Foul Ball, location: 2F
1-2: Fly out, F7 (Line Drive, 7, EV 98.1 MPH)
Batting: RHB Brock Waxley 0-0: Ball
1-0: Ball
2-0: DOUBLE (Line Drive, 9LM, EV 104.4 MPH)
Pinch Runner at 2nd Pedro Gutiérrez:
Batting: LHB John Schaefer 0-0: Ball
1-0: Called Strike
1-1: Called Strike
1-2: Ball
2-2: Foul Ball, location: 2F
2-2: SINGLE (Line Drive, 34D, EV 110.6 MPH)
Pedro Gutiérrez to third
Batting: RHB Dao-zi Zhan 0-0: Called Strike
0-1: Ball
1-1: Ball
2-1: Foul Ball, location: 2F
2-2: Foul Ball, location: 2F
2-2: Fly out, F9 (Flyball, 9, EV 86.9 MPH)
Bottom of the 4th over - 0 runs, 2 hits, 0 errors, 2 left on base; Syracuse 2 - Bloomington 8
TOP OF THE 5TH
Syracuse Starks batting - Pitching for Bloomington Longnecks : LHP Domingo Montémayor
Now in LF: Pedro Gutiérrez
Batting: RHB Pablo Álvarez 0-0: Ball
1-0: Called Strike
1-1: Fly out, F9 (Flyball, 9, EV 94.4 MPH)
Batting: RHB Nelson Rivera 0-0: Called Strike
0-1: Ball
1-1: Ball
2-1: Ground out 4-3 (Groundball, 4S, EV 70.6 MPH)
Batting: RHB Akke Derksen 0-0: Ball
1-0: Swinging Strike
1-1: Ball
2-1: Ground out 6-3 (Groundball, 6S, EV 83.1 MPH)
Top of the 5th over - 0 runs, 0 hits, 0 errors, 0 left on base; Syracuse 2 - Bloomington 8
BOTTOM OF THE 5TH
Bloomington Longnecks batting - Pitching for Syracuse Starks : RHP Austin Bizzle
Batting: SHB Yosuke Daisen 0-0: Called Strike
0-1: SINGLE (Flyball, 78S, EV 84.4 MPH)
Batting: RHB Olo Iukekini 0-0: Ball
1-0: Foul Ball, location: 2F
1-1: Ball
2-1: Ball
3-1: Base on Balls
Yosuke Daisen to second
Batting: LHB Sean Cox 0-0: Swinging Strike
0-1: Called Strike
0-2: Ball
1-2: Ball
2-2: Ball
3-2: Strikes out swinging
Batting: LHB Wayne Noble 0-0: Called Strike
0-1: Ball
1-1: Foul Ball, location: 2F
1-2: Ball
2-2: Strikes out swinging
Batting: RHB David Milliken 0-0: Ball
1-0: Ball
2-0: Fly out, F9 (Line Drive, 9, EV 86.2 MPH)
Bottom of the 5th over - 0 runs, 1 hit, 0 errors, 2 left on base; Syracuse 2 - Bloomington 8
TOP OF THE 6TH
Syracuse Starks batting - Pitching for Bloomington Longnecks : LHP Domingo Montémayor
Batting: RHB Graeme Dormer 0-0: Ball
1-0: Swinging Strike
1-1: Ball
2-1: Ball
3-1: Base on Balls
Batting: RHB Mikko Haataja 0-0: Ball
1-0: Ball
2-0: Ball
3-0: Called Strike
3-1: Fielders Choice at 2nd, 4-6 (Groundball, 34, EV 89.4 MPH)
Batting: LHB Mare Riseley 0-0: Called Strike
0-1: Swinging Strike
0-2: SINGLE (Groundball, 3D, EV 96.2 MPH)
Mikko Haataja to second
Runner from 2nd tries for 3rd, SAFE, no throw by RF
Batting: RHB Atanza Vongor 0-0: Ball
1-0: Called Strike
1-1: Foul Ball, location: 2F
1-2: Foul Ball, location: 2F
1-2: SINGLE (Groundball, 56D, EV 95.0 MPH)
Mikko Haataja scores
Mare Riseley to second
Batting: RHB Damon Newbold 0-0: Foul Ball, location: 2F
0-1: Foul Ball, location: 2F
0-2: Ball
1-2: Foul Ball, location: 2F
1-2: Strikes out swinging
Batting: LHB Bill Gracián 0-0: Ball
1-0: Ball
2-0: Fly out, F8 (Flyball, 8RS, EV 77.5 MPH)
Top of the 6th over - 1 run, 2 hits, 0 errors, 2 left on base; Syracuse 3 - Bloomington 8
BOTTOM OF THE 6TH
Bloomington Longnecks batting - Pitching for Syracuse Starks : RHP Austin Bizzle
Batting: RHB Cody Scott 0-0: Ball
1-0: Ground out 6-3 (Groundball, 56, EV 103.8 MPH)
Batting: LHB Pedro Gutiérrez 0-0: Called Strike
0-1: Foul Ball, location: 2F
0-2: Strikes out looking
Batting: LHB John Schaefer 0-0: Swinging Strike
0-1: Ball
1-1: Called Strike
1-2: Fly out, F8 (Flyball, 8RS, EV 92.5 MPH)
Bottom of the 6th over - 0 runs, 0 hits, 0 errors, 0 left on base; Syracuse 3 - Bloomington 8
TOP OF THE 7TH
Syracuse Starks batting - Pitching for Bloomington Longnecks : LHP Domingo Montémayor
Batting: RHB Pablo Álvarez 0-0: Foul Ball, location: 2F
0-1: Swinging Strike
0-2: Ball
1-2: Foul Ball, location: 2F
1-2: Strikes out swinging
Batting: RHB Nelson Rivera 0-0: Called Strike
0-1: Swinging Strike
0-2: Ball
1-2: Foul Ball, location: 2F
1-2: Ball
2-2: Ball
3-2: Foul Ball, location: 2F
3-2: Fly out, F9 (Flyball, 89S, EV 78.8 MPH)
Pitching: RHP Salvador Sagastizabal
Batting: RHB Akke Derksen 0-0: Swinging Strike
0-1: Called Strike
0-2: Ball
1-2: Foul Ball, location: 2F
1-2: Strikes out swinging
Top of the 7th over - 0 runs, 0 hits, 0 errors, 0 left on base; Syracuse 3 - Bloomington 8
BOTTOM OF THE 7TH
Bloomington Longnecks batting - Pitching for Syracuse Starks : RHP Austin Bizzle
Batting: RHB Dao-zi Zhan 0-0: Ball
1-0: Foul Ball, location: 2F
1-1: SOLO HOME RUN (Flyball, 78XD, EV 96.2 MPH), Distance : 392 ft
Batting: SHB Yosuke Daisen 0-0: Called Strike
0-1: Fly out, F9 (Flyball, 89S, EV 88.1 MPH)
Batting: RHB Olo Iukekini 0-0: Ball
1-0: Called Strike
1-1: Swinging Strike
1-2: Ball
2-2: Ball
3-2: Foul Ball, location: 2F
3-2: Foul Ball, location: 2F
3-2: Base on Balls
Pitching: RHP Greyfriars Bobby
Batting: LHB Sean Cox 0-0: Ball
1-0: Swinging Strike
1-1: Swinging Strike
1-2: Strikes out swinging
Batting: LHB Wayne Noble 0-0: Ball
1-0: SINGLE (Groundball, 3, EV 79.4 MPH) (infield hit)
Olo Iukekini to second
Batting: RHB David Milliken 0-0: Fielders Choice at 2nd, 6-4 (Groundball, 6, EV 80.0 MPH)
Bottom of the 7th over - 1 run, 2 hits, 0 errors, 2 left on base; Syracuse 3 - Bloomington 9
TOP OF THE 8TH
Syracuse Starks batting - Pitching for Bloomington Longnecks : RHP Salvador Sagastizabal
Batting: RHB Graeme Dormer 0-0: Ball
1-0: Ball
2-0: DOUBLE (Flyball, 8LXD, EV 90.6 MPH)
Batting: RHB Mikko Haataja 0-0: Called Strike
0-1: Ball
1-1: Ground out 6-3 (Groundball, 6, EV 80.6 MPH)
Batting: LHB Mare Riseley 0-0: Ground out 1-3 (Groundball, 15S, EV 68.1 MPH)
Batting: RHB Atanza Vongor 0-0: Swinging Strike
0-1: Ball
1-1: Swinging Strike
1-2: Ball
2-2: Ground out 4-3 (Groundball, 4, EV 80.0 MPH)
Top of the 8th over - 0 runs, 1 hit, 0 errors, 1 left on base; Syracuse 3 - Bloomington 9
BOTTOM OF THE 8TH
Bloomington Longnecks batting - Pitching for Syracuse Starks : RHP Greyfriars Bobby
Batting: RHB Cody Scott 0-0: Ball
1-0: Swinging Strike
1-1: Called Strike
1-2: Ball
2-2: Ball
3-2: Base on Balls
Batting: LHB Pedro Gutiérrez 0-0: Ball
1-0: Called Strike
1-1: Ball
2-1: Called Strike
2-2: Ball
3-2: Base on Balls
Cody Scott to second
Batting: LHB John Schaefer 0-0: Ball
1-0: Ball
2-0: Ball
3-0: Called Strike
3-1: Base on Balls
Cody Scott to third
Pedro Gutiérrez to second
Batting: RHB Dao-zi Zhan 0-0: Fly out, F7 (Flyball, 7LSF, EV 75.6 MPH)
Batting: SHB Yosuke Daisen 0-0: Ball
1-0: Ball
2-0: Ball
3-0: Called Strike
3-1: Base on Balls
Cody Scott scores
Pedro Gutiérrez to third
John Schaefer to second
Batting: RHB Olo Iukekini 0-0: Ball
1-0: Ball
2-0: Ball
3-0: Called Strike
3-1: Base on Balls
Pedro Gutiérrez scores
John Schaefer to third
Yosuke Daisen to second
Batting: LHB Sean Cox 0-0: Foul Ball, location: 2F
0-1: Fly out, F9 (Line Drive, 9, EV 91.2 MPH)
Runner from 3rd tags up, SCORES, throw by RF
Yosuke Daisen to third
Batting: LHB Wayne Noble 0-0: Ball
1-0: Called Strike
1-1: Ball
2-1: Foul Ball, location: 2F
2-2: Fly out, F8 (Flyball, 78M, EV 94.4 MPH)
Bottom of the 8th over - 3 runs, 0 hits, 0 errors, 2 left on base; Syracuse 3 - Bloomington 12
TOP OF THE 9TH
Syracuse Starks batting - Pitching for Bloomington Longnecks : RHP Salvador Sagastizabal
Batting: RHB Damon Newbold 0-0: Swinging Strike
0-1: Ball
1-1: Called Strike
1-2: Ball
2-2: Ball
3-2: Ground out 5-3 (Groundball, 56, EV 82.5 MPH)
Batting: LHB Bill Gracián 0-0: SINGLE (Line Drive, 4MD, EV 97.5 MPH)
Pinch Hitting: LHB Ewan Manshert 0-0: Called Strike
0-1: Swinging Strike
0-2: Foul Ball, location: 2F
0-2: Foul Ball, location: 2F
0-2: SINGLE (Flyball, 89M, EV 93.1 MPH)
Bill Gracián to second
Batting: RHB Nelson Rivera 0-0: Foul Ball, location: 2F
0-1: Foul Ball, location: 2F
0-2: Foul Ball, location: 2F
0-2: Foul Ball, location: 2F
0-2: Ball
1-2: Strikes out swinging
Batting: RHB Akke Derksen 0-0: Ball
1-0: Swinging Strike
1-1: Ball
2-1: DOUBLE (Line Drive, 7D, EV 105.0 MPH)
Bill Gracián scores
Ewan Manshert to third
Batting: RHB Graeme Dormer 0-0: Swinging Strike
0-1: Ball
1-1: Foul Ball, location: 2F
1-2: Strikes out swinging
Top of the 9th over - 1 run, 3 hits, 0 errors, 2 left on base; Syracuse 4 - Bloomington 12
Tuesday, January 5th, 2021 - OOTP Baseball 20.8 Build 74